cohdb
Replays
Latest Replays
All Replays
Popular Replays
Top Player Replays
Match Explorer
How It Works
Community
CoH3 Stats
Reddit
Sign in to upload your games and track your stats! →
Sign in with Steam
Match 42054858
Unlisted
Match 42054858
Overview
Messages
Build Orders
End
Royal Engineer Section
Construct Section Command Post
Selects Indian Artillery Battlegroup
Selects Indian Artillery Battlegroup
Selects Indian Artillery Battlegroup
Dingo Light Scout Car
Infantry Section
Infantry Section
Infantry Section
Selects War Cry
Construct Platoon Command Post
Selects Gurkha Rifles Section
Gurkha Rifles Section
Construct Company Command Post
Crusader II Medium Tank
Selects Volunteer Infantry
Crusader II Medium Tank
Selects Artillery Saturation
Crusader II Medium Tank
Selects Off-map Airburst Barrage
Off-map Airburst Barrage
Crusader II Medium Tank
Selects BL5.5 Artillery Emplacement
Crusader II Medium Tank
Crusader II Medium Tank
Off-map Airburst Barrage
Armored Vehicle Training
Crusader II Medium Tank
STALKER4732
ezh
=[TLKDC]=TheLizardKingDC
LaoY、doushigou
杨司令
Suicul
DaNTe
Marcus Edward
0
0
Comments
sign in to comment!
No comments posted yet!